 Dungeon Crawl Stone Soup version 0.29.1-2-gbd0b4ee654 (webtiles) character file.

Game seed: 16833719439037092676

41 Descartes the Grasshopper (level 3, 0/19 HPs)
             Began as a Deep Elf Wanderer on Nov 2, 2022.
             Slain by a worm (7 damage)
             ... on level 2 of the Dungeon.
             The game lasted 00:04:05 (2160 turns).

Descartes the Grasshopper (Deep Elf Wanderer)       Turns: 2160, Time: 00:04:06

Health: 0/19       AC:  2    Str:  8    XL:     3   Next: 32%
Magic:  8/8        EV: 12    Int: 21    God:
Gold:   98         SH:  0    Dex: 12    Spells: 5/6 levels left

rFire   . . .      SeeInvis .   a - +2 spear
rCold   . . .      Faith    .   (no shield)
rNeg    . . .      Spirit   .   d - +0 robe
rPois   .          Reflect  .   (no helmet)
rElec   .          Harm     .   (no cloak)
rCorr   .          Rampage  .   (no gloves)
Will    .....                   (no boots)
Stlth   ++........              (no amulet)
HPRegen 0.06/turn               (no ring)
MPRegen 0.11/turn               (no ring)

@: no status effects
A: no striking features
a: no special abilities


You were on level 2 of the Dungeon.
You visited 1 branch of the dungeon, and saw 2 of its levels.

You collected 98 gold pieces.

Inventory:

Hand Weapons
 a - a +2 spear (weapon)
 i - a +0 short sword of freezing
 p - a +2 vorpal sling
Missiles
 f - 3 boomerangs
 r - 10 poisoned darts
Armour
 d - a +0 robe (worn)
 h - a +0 leather armour
Jewellery
 g - a ring of ice
Scrolls
 k - a scroll of noise {unknown}
 l - a scroll of silence {unknown}
 m - a scroll of enchant armour {unknown}
 n - a scroll of teleportation {unknown}
 o - a scroll of blinking {unknown}
 q - 2 scrolls of identify {unknown}
 t - a scroll of vulnerability {unknown}
 u - a scroll of enchant weapon {unknown}
Potions
 c - a potion of heal wounds
 e - 2 potions of haste {unknown}
 j - a potion of brilliance {unknown}
 s - a potion of curing {unknown}
Miscellaneous
 b - a piece from Xom's chessboard (15/15)


   Skills:
 - Level 1.3 Polearms
 + Level 2.1 Dodging
 - Level 2.4 Stealth
 + Level 2.4 Spellcasting
 + Level 1.2 Conjurations
 + Level 3.6 Translocations
 + Level 1.8 Evocations


You had 5 spell levels left.
You knew the following spells:

 Your Spells              Type           Power      Damage    Failure   Level
a - Apportation           Tloc           34%        N/A       3%          1

Your spell library contained the following spells:

 Spells                   Type           Power      Damage    Failure   Level
 Gell's Gravitas          Tloc           17%        N/A       10%         3


Dungeon Overview and Level Annotations

Branches:
Dungeon (2/15)

Altars:
Cheibriados


Message History

You hit the worm.
The worm is moderately wounded.
The worm misses you.
You barely miss the worm. You punch the worm, but do no damage.
The worm is lightly wounded.
You hit the worm.
The worm is moderately wounded.
The worm bites you!
Ouch! That really hurt!
You are too injured to fight recklessly!
You are too injured to fight recklessly!
You are too injured to fight recklessly!
You are too injured to fight recklessly!
You are too injured to fight recklessly!
You are too injured to fight recklessly!
You are too injured to fight recklessly!
You are too injured to fight recklessly!
A worm is nearby!
You are too injured to fight recklessly!
You are too injured to fight recklessly!
You are too injured to fight recklessly!
You see here a +0 barding.
A worm is nearby!
There is a stone staircase leading up here.
A worm is nearby!
You climb upwards.
There is a stone staircase leading down here.
HP restored.
Done exploring.
You climb downwards.
The worm bites you.
There is a stone staircase leading up here.
A worm is nearby!
You barely miss the worm. The worm bites you!
You are too injured to fight recklessly!
You are too injured to fight recklessly!
You are too injured to fight recklessly!
You hit the worm.
The worm is lightly wounded.
The worm bites you!
You die...

......#.....#..#####.###
......#.....#..#####.#
.......)......>......###
.......................#
.#.####.....#..#.....#.#
.#.####.....#..#...#.#.#
##>.w..............#.#.#
...[.#######.#.w...#.#.#
#..#.....###....@......#
#....###.....#.##.########
#..#...........#........<#
...#.#######...#..########
#÷.#...........#..#
#....#######...#..# #.)÷.#
#...<.....# ##...#
#.####..#.# ###.# #.#
#..#)#


You could see a worm.

Vanquished Creatures
  2 dart slugs
  2 bats
  5 endoplasms
  A giant cockroach (D:1)
  5 goblins
  4 hobgoblins
  2 quokkas (D:1)
  5 ball pythons
  2 frilled lizards
  3 kobolds
  2 rats (D:1)
33 creatures vanquished.

Notes
Turn   | Place    | Note
-------+----------+-------------------------------------------
     0 | D:1      | Descartes the Deep Elf Wanderer began the quest for the
                  | Orb.
     0 | D:1      | Descartes set off with the following items: a +2 spear, a
                  | piece from Xom's chessboard (15/15), a potion of heal
                  | wounds, a +0 robe; and the following spell memorised:
                  | Apportation; and the following spells available to
                  | memorise: Gell's Gravitas.
     0 | D:1      | Reached XP level 1. HP: 10/10 MP: 5/5
   411 | D:1      | Found a faded altar of an unknown god.
   450 | D:1      | Reached XP level 2. HP: 15/15 MP: 6/6
  1050 | D:1      | Reached skill level 1 in Conjurations
  1561 | D:1      | Reached XP level 3. HP: 19/19 MP: 8/8
  1684 | D:2      | Found a snail-covered altar of Cheibriados.
  2160 | D:2      | Slain by a worm

Illustrated notes

Levels and vault maps discovered:
D:1:      psy_arrival_radial02, layout_basic, chequers_ecumenical_altar_island,
          nrook_uturn, ebering_dispersal_statue_hall, corner_web_ring
D:2:      layout_basic, basic_altar, mrwooster_statue_mirror,
          minmay_misc_feat_columns, nrook_mini_vaults

Skill      XL: |  1  2  3 |
---------------+----------+-----
Spellcasting   | 2 |  2.4
Conjurations   | 1 |  1.2
Dodging        | 2 |  2.1
Polearms       | |  1.3
Stealth        | |  2.4
Translocations | |  3.6
Evocations     | |  1.8

Action                   || total
-------------------------++-------
Melee: Spear             ||   113
       Punch             ||     2
 Stab: Sleeping          ||     7
Armor: Robe              ||    14
Dodge: Dodged            ||    43
